Map: Lerilak Crest

Players

DxTroyer

  • Race: Protoss Protoss
  • League: Diamond

LilDicky - Winner!

  • Race: Terran Terran
  • League: Diamond

VOD

http://www.twitch.tv/tumescentpie

Description

Time

  • Played on: Nov. 27, 2015, 9:20 a.m.
  • Length: 10:20
Show
View Real Time Build Order
Export as new Build Order

DxTroyer Protoss 

Build Orders: Oracle Opening 

Get SALT Encoding   

  12  0:01  Probe (Chrono Boost)  
  13  0:12  Probe (Chrono Boost)  
  14  0:23  Pylon  
  14  0:30  Probe (Chrono Boost)  
  15  0:41  Probe (Chrono Boost)  
  16  0:44  Gateway  
  16  0:51  Probe (Chrono Boost)  
  17  1:02  Probe (Chrono Boost)  
  18  1:10  Assimilator  
  18  1:14  Probe (Chrono Boost), Assimilator  
  19  1:25  Probe (Chrono Boost)  
  20  1:31  Cybernetics Core  
  20  1:36  Probe (Chrono Boost)  
  21  1:47  Probe (Chrono Boost), Pylon  
  22  1:58  Probe (Chrono Boost)  
  24  2:08  Probe (Chrono Boost)  
  24  2:12  Warp Gate  
  24  2:13  Adept (Chrono Boost)  
  26  2:27  Pylon  
  26  2:29  Stargate  
  24  2:58  Probe  
  25  3:12  Oracle (Chrono Boost)  
  25  3:16  Gateway, Robotics Facility  
  28  3:20  Gateway  
  28  3:22  Gateway x2  
  28  3:25  Probe  
  28  4:05  Probe  
  28  4:07  Warp Prism (Chrono Boost)  
  31  4:17  Probe  
  32  4:32  Adept x3  
  38  4:42  Pylon  
  38  4:43  Pylon  
  38  4:45  Pylon  
  38  4:47  Pylon  
  38  4:56  Nexus  
  38  5:01  Mothership Core  
  38  5:22  Warp Prism (Chrono Boost)  
  40  5:34  Adept x2  
  40  5:35  Adept x2  
  46  5:54  Pylon  
  46  5:59  Observer (Chrono Boost)  
  47  6:10  Adept x4  
  53  6:31  Adept x4  
  53  6:52  Stalker  
  53  6:53  Stalker x3  
  59  6:59  Observer (Chrono Boost)  
  55  7:19  Adept x4  
  57  7:54  Adept x4  
  56  8:14  Observer (Chrono Boost)  
  44  8:30  Adept  
  44  8:31  Adept x3  
  44  8:33  Warp Prism (Chrono Boost)  
  44  9:17  Nexus  
  44  9:20  Adept x3  
  47  9:48  Sentry  
  47  9:51  Sentry x3  
Show
View Real Time Build Order
Export as new Build Order

LilDicky Terran - Winner!

Build Orders: MMM Bio 

Get SALT Encoding   

  12  0:01  SCV  
  13  0:13  SCV  
  14  0:17  Supply Depot  
  14  0:25  SCV  
  15  0:29  Refinery  
  15  0:39  SCV  
  16  0:46  Barracks  
  16  0:51  SCV  
  17  1:04  SCV  
  18  1:16  SCV  
  19  1:28  SCV  
  20  1:37  Reaper  
  21  1:42  Orbital Command  
  21  1:55  Command Center  
  21  2:10  SCV, Marine  
  21  2:13  Supply Depot  
  23  2:34  SCV  
  24  2:43  Marine  
  25  3:00  Marine  
  26  3:09  Engineering Bay, Barracks  
  26  3:10  SCV, Barracks  
  26  3:11  Orbital Command  
  27  3:14  Factory  
  28  3:22  SCV  
  29  3:31  Barracks Reactor  
  28  3:34  SCV  
  28  3:37  SCV  
  30  3:46  SCV  
  31  3:53  Missile Turret  
  31  4:00  Marine  
  31  4:01  Marine  
  33  4:07  SCV  
  34  4:15  Marine x2  
  36  4:26  Barracks Tech Lab  
  36  4:28  Barracks Tech Lab, Factory Reactor  
  36  4:30  SCV x2  
  37  4:32  Starport  
  37  4:33  Marine  
  37  4:38  Terran Infantry Weapons Level 1  
  38  4:40  Marine  
  38  4:42  SCV x2, Refinery  
  41  4:48  Missile Turret  
  41  4:51  Marine  
  42  4:53  Marine x2  
  42  4:54  SCV, Stimpack  
  42  4:55  SCV  
  42  4:58  Supply Depot  
  46  5:06  Supply Depot  
  46  5:09  Marine  
  46  5:10  Marine  
  46  5:12  Marine  
  46  5:14  Marine  
  45  5:27  Marine  
  45  5:28  Marine  
  47  5:29  Combat Shields, Marine  
  47  5:32  Marine  
  49  5:37  Missile Turret  
  49  5:38  SCV x2  
  51  5:45  Marine  
  51  5:46  Medivac  
  51  5:47  Medivac  
  51  5:49  Marine x2  
  58  5:50  SCV x2, Marine  
  58  5:56  Refinery  
  61  6:00  Supply Depot  
  61  6:02  SCV  
  62  6:04  Supply Depot  
  62  6:16  Supply Depot  
  62  6:17  Supply Depot  
  62  6:21  Widow Mine  
  62  6:22  SCV x2, Marauder, Marine x3  
  63  6:32  Terran Infantry Armor Level 1  
  55  6:34  SCV  
  55  6:35  Medivac  
  55  6:39  Marine x3  
  56  6:44  Marauder  
  51  6:57  Marine x3  
  48  7:04  Marine  
  47  7:15  Marine x3  
  43  7:21  SCV x2  
  43  7:22  Marine  
  45  7:33  Marine x3  
  45  7:34  SCV  
  49  7:40  Marine  
  50  7:51  Marine x3  
  48  7:55  Orbital Command  
  48  7:58  Marine  
  44  8:09  Marine x3  
  44  8:16  Marine  
  44  8:19  Orbital Command  
  42  8:26  Marine x3  
  44  8:30  SCV  
  44  8:33  Marine  
  46  8:36  Armory  
  44  8:42  SCV  
  44  8:44  Marine x3  
  43  8:54  SCV  
  43  8:56  Liberator  
  40  9:03  Marine  
  40  9:04  Marine, Marauder x2  
  40  9:08  Hellion  
  48  9:11  Concussive Shells  
  48  9:16  Medivac  
  53  9:17  SCV  
  53  9:21  Marine  
  55  9:25  Supply Depot, Marauder x2, Marine  
  59  9:39  Marine  
  59  9:42  Hellion  
  59  9:43  Marine  
  63  9:46  Marauder, Marine  
  66  9:57  Marine  
  67  10:00  Starport, Marine  
  67  10:03  SCV x2  
Tags
 
Add a new tag
Caveats
  • Supply blocks, unpowered buildings, or Contaminate may cause inaccurate times.
  • Supply counts are checked every 10 seconds.